AoeStats
← Chaos

Arena

508717084Analyzed
3v3 RM · 10d ago on Sep 23, 2026· 51m 43s· 6 players
Game mode
Random Map
Map size
Normal (6 player)
Population
200
Speed
Normal
Resources
Standard
Victory
Conquest
Starting age
Dark Age
Ending age
Imperial Age
RankedLock teamsTeams togetherTeam positionsShared explorationLock speedFull tech treeHidden civsTurbo modeCheats
Victory
Defeat
🇮🇹 Bohemians · Italy
1032
+15
🇩🇪 Bulgarians · Germany
1004
+16
🇩🇪 Varangians · Germany
952
+18
🇹🇷 Spanish · Türkiye
1042
-17
🇹🇷 Koreans · Türkiye
1016
-17
🇹🇷 Chinese · Türkiye
967
-15
Erkal
2:29 Loom
10:02 Feudal Age
10:34 Double-Bit Axe
10:30 Horse Collar
19:40 Castle Age
17:50 Fletching
22:45 Wheelbarrow
23:35 Heavy Plow
28:39 Light Cavalry
34:10 Imperial Age
32:16 Bow Saw
32:15 Husbandry
32:55 Scale Barding Armor
33:01 Forging
32:53 Town Watch
33:15 Scale Mail Armor
33:19 Squires
32:41 Pikeman
33:51 Hand Cart
37:57 Elite Skirmisher
45:00 Two-Man Saw
43:33 Heavy Rocket Cart
Sürpriz yaparım
10:27 Feudal Age
9:55 Loom
14:07 Castle Age
12:45 Double-Bit Axe
12:43 Horse Collar
17:22 Gold Mining
32:00 Wheelbarrow
31:39 Bow Saw
34:53 Husbandry
35:03 Bloodlines
37:27 Hand Cart
41:42 Heavy Plow
45:49 Imperial Age
46:13 Cavalier
Chaos
14:56 Feudal Age
17:06 Double-Bit Axe
17:04 Horse Collar
20:34 Castle Age
21:56 Pikeman
26:07 Bow Saw
26:00 Heavy Plow
25:53 Gold Mining
25:54 Stone Mining
26:18 Forging
26:11 Scale Mail Armor
26:13 Padded Archer Armor
27:46 Fletching
30:11 Wheelbarrow
38:25 Imperial Age
36:18 Ballistics
37:13 Husbandry
36:45 Crossbowman
37:31 Thumb Ring
38:44 Bodkin Arrow
39:26 Iron Casting
40:07 Cavalier
41:54 Elite Chu Ko Nu
42:05 Arbalester
44:02 Elite Skirmisher
46:13 Chemistry
50:22 Heavy Rocket Cart
stk1908
10:42 Feudal Age
12:05 Loom
14:58 Castle Age
13:22 Double-Bit Axe
16:01 Bow Saw
18:10 Fletching
20:54 Elite Skirmisher
40:15 Imperial Age
38:44 Bodkin Arrow
38:50 Padded Archer Armor
38:57 Scale Barding Armor
40:07 Wheelbarrow
39:15 Horse Collar
39:05 Pikeman
39:46 Squires
39:32 Gambesons
42:05 Chemistry
41:12 Heavy Plow
40:44 Halberdier
41:31 Bracer
41:53 Chain Barding Armor
41:50 Leather Archer Armor
41:46 Forging
43:30 Ballistics
43:27 Thumb Ring
44:10 Capped Ram
45:49 Scale Mail Armor
47:56 Chain Mail Armor
48:17 Iron Casting
48:44 Siege Ram
yangcongze30
10:44 Feudal Age
14:58 Castle Age
13:34 Double-Bit Axe
15:53 Bow Saw
17:38 Fervor
20:47 Horse Collar
21:36 Sanctity
21:04 Loom
22:28 Wheelbarrow
22:49 Heavy Plow
25:04 Hand Cart
29:46 Imperial Age
27:01 Pikeman
27:57 Scale Mail Armor
28:18 Town Watch
29:27 Chain Mail Armor
31:19 Chemistry
30:19 Halberdier
31:32 Plate Mail Armor
31:28 Town Patrol
32:29 Forging
33:20 Conscription
33:05 Wagenburg Tactics
34:28 Iron Casting
37:02 Blast Furnace
35:36 Houfnice
36:15 Elite Hussite Wagon
37:22 Fletching
44:51 Two-Man Saw
47:26 Siege Engineers
47:32 Masonry
47:33 Fortified Wall
47:44 Bodkin Arrow
tobenderwolf05
9:21 Loom
11:06 Feudal Age
11:21 Feudal Age
15:55 Castle Age
13:48 Double-Bit Axe
16:52 Horse Collar
17:26 Bow Saw
22:40 Wheelbarrow
22:18 Gold Mining
22:19 Stone Mining
22:31 Heavy Plow
24:16 Stone Shaft Mining
26:21 Scale Barding Armor
26:27 Arson
26:43 Squires
26:28 Gambesons
26:38 Fletching
27:33 Forging
28:34 Treadmill Crane
29:22 Hand Cart
29:47 Husbandry
29:58 Bloodlines
29:09 Light Cavalry
29:13 Elite Skirmisher
31:12 Chain Barding Armor
31:28 Iron Casting
32:40 Masonry
32:25 Murder Holes
32:47 Fortified Wall
36:07 Imperial Age
33:28 Town Watch
34:28 Scale Mail Armor
34:28 Padded Archer Armor
34:24 Bodkin Arrow
33:52 Man-at-Arms
34:56 Ballistics
36:49 Gothikon
37:52 Conscription
38:28 Plate Barding Armor
38:54 Blast Furnace
37:59 Bracer
38:32 Elite Jarl
40:58 Chemistry
40:29 Architecture
41:47 Hussar
43:28 Cranequins
45:25 Chain Mail Armor
45:26 Leather Archer Armor
44:33 Elite Varangian Guard
Connection lost

Rejoining the realm…

Still unreachable

The connection could not be restored.

Session expired

The server has moved on; the page needs a fresh start.